 Dungeon Crawl Stone Soup version 0.18-a0-844-g9229740 (webtiles) character file.

18 M4edhros the Charlatan (level 2, 0/18 HPs)
             Began as an Octopode Artificer on Dec 18, 2015.
             Slain by a jackal (1 damage)
             ... on level 3 of the Dungeon.
             The game lasted 00:01:29 (685 turns).

M4edhros the Charlatan (Octopode Artificer)          Turns: 685, Time: 00:01:29

Health: 0/18       AC:  1    Str: 10    XL:     2   Next: 70%
Magic:  4/4        EV: 12    Int: 14    God:    Xom [..*...]
Gold:   68         SH:  0    Dex: 12    Spells: 0 memorised, 1 level left

rFire  . . .     SeeInvis .     a - +0 short sword
rCold  . . .     Gourm    .     (no shield)
rNeg   . . .     Faith    .     (helmet restricted)
rPois  .         Spirit   .     (no amulet)
rElec  .         Dismiss  .     (no ring)
rCorr  .         Reflect  .     (no ring)
SustAt .         Harm     .     (no ring)
MR     .....                    (no ring)
Stlth  +++.......               (no ring)
                                (no ring)
                                (no ring)
                                (no ring)

@: not resistant to hostile enchantments, fairly stealthy
A: almost no armour, amphibious, 8 rings, constrict 8, camouflage 1, gelatinous
body 1
a: Renounce Religion


You were on level 3 of the Dungeon.
You worshipped Xom.
You were a toy of Xom.
You were not hungry.

You visited 1 branch of the dungeon, and saw 3 of its levels.

You collected 68 gold pieces.

Inventory:

Hand Weapons
 a - a +0 short sword (weapon)
Missiles
 g - 55 stones (quivered)
Wands
 b - a wand of flame (14)
 c - a wand of enslavement (14)
 d - a wand of random effects (15)
Scrolls
 h - a scroll of remove curse {unknown}
 i - a scroll of identify {unknown}
 j - 3 scrolls of teleportation {unknown}
Potions
 e - a potion of degeneration {unknown}
 k - a potion of curing {unknown}
Comestibles
 f - a bread ration


   Skills:
 - Level 1.0 Fighting
 - Level 1.0 Short Blades
 * Level 2.4 Dodging
 * Level 2.7 Stealth
 + Level 3.5 Evocations


You had one spell level left.
You didn't know any spells.

Dungeon Overview and Level Annotations

Branches:
Dungeon (3/15)

Altars:
Sif Muna
Xom
The Shining One


Innate Abilities, Weirdness & Mutations

You cannot wear most types of armour.
You are amphibious.
You can wear up to eight rings at the same time.
You can use your tentacles to constrict eight enemies at once.
Your skin changes colour to match your surroundings (Stealth).
Your rubbery body absorbs attacks (AC +1).


Message History

Aim: a jackal (chance to defeat MR: 85%)
The jackal is charmed.
This wand has 14 charges left.
You hit the jackal. You grab the jackal.
You squeeze the jackal, but do no damage.
The jackal is heavily wounded.
You constrict the jackal. Your jackal misses the jackal.
The jackal barely misses you. The jackal closely misses you.
Your jackal closely misses the jackal.
The jackal barely misses you.
You hit the jackal.
You kill the jackal!
Your jackal bites the jackal but does no damage.
The jackal bites you.
* * * LOW HITPOINT WARNING * * *
You are too injured to fight recklessly!
You barely miss the jackal. Your grab misses the jackal.
Your jackal bites the jackal.
The jackal bites you.
* * * LOW HITPOINT WARNING * * *
Your jackal barely misses the jackal.
The jackal bites you.
You die... "What!?
That's it?"

.....#### ........##
..##'##..##
.##≈.≈##..##
##≈≈.≈≈##..############
#≈≈...≈≈##..##........#
#≈.....≈##..##........#
8_.._.._8##.##.†......#
####8######....h@†....#
### #....h.######
#..)....# #........# #
#.........# .
............. #
...............
#..#.>......####
.............


You could see a jackal and a friendly jackal.

Vanquished Creatures
  A worm (D:3)
  An orc (D:3)
  A hobgoblin (D:1)
  5 jackals (D:3)
  2 bats
  3 kobolds
  A rat (D:3)
14 creatures vanquished.

Notes
Turn   | Place    | Note
--------------------------------------------------------------
     0 | D:1      | M4edhros the Octopode Artificer began the quest for the Orb.
     0 | D:1      | Reached XP level 1. HP: 13/13 MP: 3/3
   434 | D:3      | Reached XP level 2. HP: 18/18 MP: 4/4
   643 | D:3      | Found a shimmering altar of Xom.
   643 | D:3      | Found a glowing golden altar of the Shining One.
   644 | D:3      | Found a deep blue altar of Sif Muna.
   652 | D:3      | Became a worshipper of Xom of Chaos
   685 | D:3      | Slain by a jackal

Vault maps used:
D:1:      evilmike_arrival_hilbert_curve
D:2:      gammafunk_temple_overflow_elements, kennysheep_small_spiral,
          uniq_terence, uniq_sigmund
D:3:      gammafunk_temple_overflow_claw, ecumenical_altar_2

Action                   || total
-------------------------++-------
Melee: Short sword       ||    38
Evoke: Wand              ||     2
  Use: Potion            ||     1
 Stab: Sleeping          ||     2
